 Dungeon Crawl Stone Soup version 0.18-a0-1166-g6e2d2a0 (webtiles) character file.

1719 RedPan the Thaumaturge (level 9, -1/51 HPs)
             Began as an Octopode Wizard on Jan 26, 2016.
             Was a Believer of Sif Muna.
             Slain by a killer bee zombie (3 damage)
             ... on level 7 of the Dungeon.
             The game lasted 00:31:05 (6897 turns).

RedPan the Thaumaturge (Octopode Wizard)            Turns: 6897, Time: 00:31:05

Health: -1/51      AC:  1    Str:  6    XL:     9   Next: 4%
Magic:  15/21      EV: 12    Int: 28    God:    Sif Muna [**....]
Gold:   391        SH:  0    Dex: 11    Spells: 5 memorised, 14 levels left

rFire  + . .     SeeInvis .     o - +1 dagger (venom)
rCold  . . .     Gourm    .     (no shield)
rNeg   . . .     Faith    .     a - +0 hat
rPois  .         Spirit   .     e - amulet of regeneration
rElec  .         Dismiss  .     B - ring of flight
rCorr  .         Reflect  .     l - ring of protection from fire
SustAt .         Harm     .     (no ring)
MR     .....                    (no ring)
Stlth  +++.......               (no ring)
                                (no ring)
                                (no ring)
                                (no ring)

@: brilliant, lethally poisoned (-1 -> -1), flying, very slightly contaminated,
hasted, very quick, not resistant to hostile enchantments, fairly stealthy
A: almost no armour, amphibious, 8 rings, constrict 8, camouflage 1, gelatinous
body 1
a: Channel Energy, Forget Spell, Renounce Religion


You were on level 7 of the Dungeon.
You worshipped Sif Muna.
Sif Muna was pleased with you.
You were not hungry.

You visited 2 branches of the dungeon, and saw 8 of its levels.

You collected 391 gold pieces.

Inventory:

Hand Weapons
 o - a +1 dagger of venom (weapon)
Armour
 a - a +0 hat (worn)
 w - a +0 buckler
Jewellery
 e - an amulet of regeneration (around mantle)
 l - a ring of protection from fire (right tentacle)
 B - a ring of flight (left tentacle)
 F - an uncursed ring of fire
Wands
 k - a wand of fireball (1/15)
 v - a wand of cold (3/15)
 C - a wand of flame (12/48)
Scrolls
 g - 2 scrolls of fear
 h - 9 scrolls of identify
 i - a scroll of enchant weapon {unknown}
 m - 3 scrolls of remove curse
 n - 3 scrolls of noise
 r - a scroll of immolation {unknown}
 t - 2 scrolls of recharging
 u - a scroll of random uselessness {unknown}
 x - a scroll of fog
 y - a scroll of teleportation {unknown}
 D - a scroll of amnesia {unknown}
 H - a scroll of magic mapping
Potions
 j - a potion of cure mutation
 q - 2 potions of poison
 s - a potion of might
Books
 b - a book of Minor Magic

   Spells                             Type                      Level
   a - Magic Dart                     Conjuration                  1
   b - Blink                          Translocation                2
   c - Call Imp                       Summoning                    2
   d - Repel Missiles                 Charms/Air                   2
   e - Slow                           Hexes                        2
   f - Conjure Flame                  Conjuration/Fire             3
   g - Mephitic Cloud                 Conjuration/Poison/Air       3
 p - a book of Cantrips

   Spells                             Type                      Level
   a - Corona                         Hexes                        1
   b - Animate Skeleton               Necromancy                   1
   c - Summon Small Mammal            Summoning                    1
   d - Apportation                    Translocation                1
Comestibles
 c - 3 bread rations
 d - 3 fruits
 f - 2 meat rations
 E - a chunk of flesh
 I - a beef jerky
 J - a slice of pizza


   Skills:
 - Level 2.0 Dodging
 - Level 2.6 Stealth
 + Level 8.4 Spellcasting
 + Level 6.3 Conjurations
   Level 1.0 Summonings
 - Level 1.0 Translocations
 + Level 3.7 Invocations


You had 14 spell levels left.
You knew the following spells:

 Your Spells              Type           Power        Failure   Level  Hunger
a - Magic Dart            Conj           ####         1%          1    None
b - Mephitic Cloud        Conj/Pois/Air  #####...     1%          3    None
c - Blink                 Tloc           N/A          1%          2    None
d - Slow                  Hex            ####....     1%          2    None
e - Repel Missiles        Chrm/Air       ####..       1%          2    None


Dungeon Overview and Level Annotations

Branches:
Dungeon (7/15)             Temple (1/1) D:4

Altars:
Ashenzari
Cheibriados
Dithmenos
Elyvilon
Fedhas
Kikubaaqudgha
Makhleb
Pakellas
Qazlal
Ru
Sif Muna
Trog
Xom
Yredelemnul
Zin
The Shining One

Annotations:
D:3 kinazarov's ghost, amateur HaSk
D:4 exclusion: ogre
D:6 Grinder


Innate Abilities, Weirdness & Mutations

You cannot wear most types of armour.
You are amphibious.
You can wear up to eight rings at the same time.
You can use your tentacles to constrict eight enemies at once.
Your skin changes colour to match your surroundings (Stealth).
Your rubbery body absorbs attacks (AC +1).


Message History

You hear a loud clanging noise!
It was a scroll of noise.
Drink which item? (? for menu, Esc to quit)
Okay, then.
Read which item? (? for menu, Esc to quit)
As you read the scroll labeled UQIMMU PEUTOXO, it crumbles to dust.
The scroll dissolves into smoke.
It was a scroll of fog.
The killer bee barely misses you. The killer bee stings you.
* * * LOW HITPOINT WARNING * * *
Drink which item? (? for menu, Esc to quit)
It was a potion of brilliance.
You feel clever all of a sudden.
* * * LOW HITPOINT WARNING * * *
You feel sick. The killer bee closely misses you.
Read which item? (? for menu, Esc to quit)
As you read the scroll labeled KEOTEV ICHOZXOE, it crumbles to dust.
You feel aware of your surroundings.
You sensed 2 altars.
It was a scroll of magic mapping.
The killer bee barely misses you. The killer bee zombie hits you.
You die...

#.#.#####.# *,,,,,..#
#.#.#.....########**###
#.#.#.#####......#
#.[....(..#......#########**
###.#.###.#......#..Z.y...,,
#.#.###.#§.....#.#**,,,,**
#.#....§§§......†#.+,,,,**
#.####.§§Zy§.†.....#,,,,**
#.* #.§§@§#.#######,,,,,*
#.* #.§§§§#.#,,,,,,,,,,,*
#.***#.§§§.#.#,*****,,,,,*
*,,,...§§§(#.#,* *,,,,**
**#........#.#,*******,,,,
#.####...#.#,,,,,,,*,***
#,**,.#.##.#,*****,*,*,,
*,**,.#.##.#,*,,,*,*,*,*
*,**,,*,*#.#,,,*,*,*,*,*


You could see a killer bee and a killer bee zombie.

Vanquished Creatures
  A hippogriff (D:7)
  Menkaure (D:6)
  Edmund (D:5)
  A sky beast (D:6)
  An ice beast (D:6)
  A phantom (D:7)
  2 ogres
  2 killer bees (D:7)
  2 crimson imps
  2 hounds
  A jelly (D:5)
  3 orc wizards
  A giant frog skeleton (D:4)
  3 orc priests
  Crazy Yiuf (D:5)
  A gnoll shaman (D:5)
  An iguana (D:5)
  3 worker ants
  A killer bee zombie (D:5)
  6 gnolls
  11 adders
  An ooze (D:1)
  An adder zombie (D:6)
  An adder skeleton (D:7)
  5 worms
  2 giant geckos
  8 orcs
  2 ball pythons
  3 giant cockroaches
  7 goblins
  7 hobgoblins
  18 jackals
  3 quokkas
  8 bats
  2 giant newts
  A jackal skeleton (D:4)
  11 kobolds
  A quokka skeleton (D:4)
  15 rats
142 creatures vanquished.

Notes
Turn   | Place    | Note
--------------------------------------------------------------
     0 | D:1      | RedPan the Octopode Wizard began the quest for the Orb.
     0 | D:1      | Reached XP level 1. HP: 11/11 MP: 4/4
   110 | D:1      | Reached XP level 2. HP: 7/17 MP: 0/6
   667 | D:1      | Reached XP level 3. HP: 19/21 MP: 6/8
   949 | D:1      | Found a shattered altar of Ashenzari.
  1473 | D:2      | Reached skill level 4 in Spellcasting
  1640 | D:2      | Reached XP level 4. HP: 27/27 MP: 6/10
  2113 | D:2      | Learned a level 3 spell: Mephitic Cloud
  2170 | D:2      | Learned a level 2 spell: Blink
  2173 | D:2      | Learned a level 2 spell: Slow
  2176 | D:2      | Learned a level 2 spell: Repel Missiles
  2315 | D:3      | Noticed kinazarov's ghost (amateur HaSk)
  2639 | D:3      | Found a bloodstained altar of Trog.
  2645 | D:3      | Found a stormy altar of Qazlal.
  2648 | D:3      | Found a basalt altar of Yredelemnul.
  2875 | D:3      | Reached XP level 5. HP: 31/31 MP: 8/11
  3387 | D:4      | Reached skill level 5 in Spellcasting
  3421 | D:4      | Noticed an ogre
  3456 | D:4      | Found a staircase to the Ecumenical Temple.
  3505 | Temple   | Entered the Ecumenical Temple
  3610 | Temple   | Became a worshipper of Sif Muna the Loreminder
  3698 | D:4      | Found an oddly glowing altar of Pakellas.
  3766 | D:4      | Reached XP level 6. HP: 36/36 MP: 5/13
  4003 | D:4      | Found a white marble altar of Elyvilon.
  4003 | D:4      | Found a glowing golden altar of the Shining One.
  4004 | D:4      | Found a glowing silver altar of Zin.
  4400 | D:5      | Entered Level 5 of the Dungeon
  4400 | D:5      | Noticed Edmund
  4417 | D:5      | Killed Edmund
  4417 | D:5      | Reached skill level 6 in Spellcasting
  4417 | D:5      | Reached XP level 7. HP: 18/41 MP: 13/16
  4431 | D:5      | Reached * piety under Sif Muna
  4852 | D:5      | Noticed Crazy Yiuf
  4862 | D:5      | Killed Crazy Yiuf
  4935 | D:5      | Found a sacrificial altar of Ru.
  5230 | D:5      | Found an ancient bone altar of Kikubaaqudgha.
  5231 | D:5      | Found a blossoming altar of Fedhas.
  5452 | D:6      | Reached skill level 7 in Spellcasting
  5523 | D:6      | Reached skill level 5 in Conjurations
  5523 | D:6      | Reached XP level 8. HP: 14/46 MP: 11/18
  5696 | D:6      | Noticed Grinder
  5737 | D:6      | Found a shimmering altar of Xom.
  5832 | D:6      | HP: 2/46 [orc priest/enchanted mace (7)]
  5841 | D:6      | Reached ** piety under Sif Muna
  6073 | D:6      | Reached skill level 1 in Invocations
  6357 | D:6      | Noticed Menkaure
  6371 | D:6      | Killed Menkaure
  6371 | D:6      | Reached skill level 8 in Spellcasting
  6876 | D:7      | Reached XP level 9. HP: 22/51 MP: 16/21
  6895 | D:7      | HP: 2/51 [killer bee (3)]
  6897 | D:7      | Slain by a killer bee zombie

Vault maps used:
D:1:      minmay_arrival_widening_spiral_wide, fountainhead, ashenzari_altar_1
D:2:      minmay_rat_gold_closets
D:3:      grunt_temple_overflow_diamond
D:4:      good_gods_temple_1, overflow_temple_1_default,
          minmay_temple_entry_junction, portal_sewer_entry_e,
          hangedman_abyss_or_decor_stagger
D:5:      grunt_temple_overflow_growth_and_decay, first_bread,
          hangedman_ru_absence, uniq_edmund, uniq_crazy_yiuf_cottage
D:6:      basic_altar, uniq_grinder, uniq_menkaure
D:7:      lemuel_crystal_altar, vehumet_crystals
Temple:   circular_temple_6

Action                   |  1- 3 |  4- 6 |  7- 9 || total
-------------------------+-------+-------+-------++-------
Melee: Unarmed           |     6 |       |       ||     6
       Spear             |    32 |       |       ||    32
       Dagger            |    19 |    75 |   111 ||   205
 Cast: Magic Dart        |    50 |    97 |   144 ||   291
       Mephitic Cloud    |       |     3 |    10 ||    13
       Blink             |       |       |     2 ||     2
       Slow              |       |       |     3 ||     3
Evoke: Wand              |       |       |     5 ||     5
  Use: Scroll            |       |     3 |     4 ||     7
       Potion            |       |     2 |     7 ||     9
 Stab: Sleeping          |     8 |     5 |     5 ||    18
       Confused          |       |     2 |     4 ||     6
  Eat: Chunk             |     2 |     7 |     6 ||    15
       Fruit             |       |     2 |       ||     2
       Beef jerky        |       |     1 |       ||     1
